 Dungeon Crawl Stone Soup version 0.27.1-3-gb3d3a73c9e (webtiles) character file.

Game seed: 18192569927810846443

3014 bnorton916 the Vexing (level 9, -4/45 HPs)
             Began as a Deep Elf Conjurer on Oct 16, 2021.
             Slain by an orc knight (13 damage)
             ... in a bailey on Oct 17, 2021.
             The game lasted 00:12:49 (7850 turns).

bnorton916 the Vexing (Deep Elf Conjurer)           Turns: 7850, Time: 00:12:50

Health: -4/45      AC:  3    Str:  5    XL:     9   Next: 55%
Magic:  11/20      EV: 14    Int: 26    God:
Gold:   82         SH:  0    Dex: 13    Spells: 1/20 levels left

rFire    . . .     SeeInvis .   (no weapon)
rCold    . . .     Faith    .   (no shield)
rNeg     . . .     Spirit   .   a - +0 robe
rPois    .         Reflect  .   b - +0 helmet
rElec    .         Harm     .   (no cloak)
rCorr    .         Rampage  .   (no gloves)
Will     .....                  (no boots)
Stlth    ++........             (no amulet)
HPRegen  0.15/turn              (no ring)
MPRegen  0.17/turn              (no ring)

@: no status effects
A: no striking features
a: no special abilities


You were in a bailey.
You visited 1 branch of the dungeon, and saw 6 of its levels.
You also visited: Bailey.

You collected 130 gold pieces.
You spent 48 gold pieces at shops.

Inventory:

Missiles
 i - 145 stones
Armour
 a - a +0 robe (worn)
 b - a +0 helmet (worn)
 p - a +1 leather armour of cold resistance
Jewellery
 q - a ring of resist corrosion
Wands
 n - a wand of iceblast (13)
Scrolls
 d - a scroll of teleportation {unknown}
 g - a scroll of immolation {unknown}
 k - 2 scrolls of noise {unknown}
 m - a scroll of silence {unknown}
 o - a scroll of torment {unknown}
 r - a scroll of amnesia {unknown}
 s - a scroll of enchant armour {unknown}
Potions
 e - 2 potions of degeneration
 f - a potion of haste
 h - 3 potions of invisibility
 j - a potion of magic
 l - a potion of resistance


   Skills:
 - Level 4.0 Armour
 - Level 6.4 Dodging
 - Level 2.4 Stealth
 - Level 6.1 Spellcasting
 - Level 6.2 Conjurations
 - Level 7.8 Hexes
 - Level 6.4 Translocations
 + Level 4.7 Earth Magic


You had one spell level left.
You knew the following spells:

 Your Spells              Type           Power      Damage    Failure   Level
a - Magic Dart            Conj           100%       1d8       1%          1
b - Searing Ray           Conj           80%        3d6       1%          2
c - Fulminant Prism       Conj/Hex       22%        3d13      3%          4
d - Iskenderun's Mystic   Conj/Tloc      41%        2d9       4%          4
e - Stone Arrow           Conj/Erth      72%        3d11      2%          3
f - Tukima's Dance        Hex            48%        N/A       1%          3
g - Poisonous Vapours     Pois/Air       14%        N/A       11%         2

Your spell library contained the following spells:

 Spells                   Type           Power      Damage    Failure   Level
 Sting                    Tmut/Pois      28%        1d4       7%          1
 Blink                    Tloc           N/A        N/A       1%          2
 Slow                     Hex            48%        N/A       1%          2
 Confusing Touch          Hex            48%        N/A       1%          3
 Dazzling Flash           Conj/Hex       88%        N/A       1%          3
 Lesser Beckoning         Tloc           20%        N/A       1%          3
 Passage of Golubria      Tloc           N/A        N/A       4%          4
 Sublimation of Blood     Necr           3%         N/A       11%         2
 Manifold Assault         Tloc           41%        N/A       13%         5
 Vampiric Draining        Necr           3%         2d6       21%         3
 Petrify                  Tmut/Erth      20%        N/A       26%         4
 Silence                  Hex/Air        14%        N/A       36%         5
 Yara's Violent Unravell  Hex/Tmut       14%        3d7       36%         5
 Bolt of Magma            Conj/Fire/Erth 13%        4d8       38%         5
 Irradiate                Conj/Tmut      12%        3d17      45%         5
 Olgreb's Toxic Radiance  Pois           7%         N/A       56%         4
 Agony                    Necr           7%         N/A       88%         5
 Lehudib's Crystal Spear  Conj/Erth      18%        10d5      100%        8
 Shatter                  Erth           16%        3d15*     100%        9


Dungeon Overview and Level Annotations

Branches:
Dungeon (8/15)             Bailey (1/1)
 Temple: D:4-7         Lair: D:8-11

Altars:
Uskayaw

Shops:
D:1 :   D:3 *


Message History

The blast of energy engulfs the orc knight!
The orc knight is lightly wounded.
You hear a shout!
Casting: Fulminant Prism (dangerous; 3% risk of failure)
Confirm with . or Enter, or press ? or * to list all spells.
You erupt in a blast of force!
The mystic blast hits the orc knight but does no damage.
The orc knight is lightly wounded.
The orc knight hits you from afar with a +0 glaive!
Unknown command.
Unknown command.
Your magical contamination has completely faded away.
Items here: )) [[ ÷.
Things that are here:
a +0 halberd; a +0 ring mail The orc warrior no longer looks unusually strong.
The orc knight roars a battlecry!
Things that are here:
a +0 trident; a +0 ring mail; an orc corpse
Casting: Iskenderun's Mystic Blast (dangerous; 4% risk of failure)
Confirm with . or Enter, or press ? or * to list all spells.
Aiming: Fulminant Prism (dangerous; 3% risk of failure)
Press: ? - help, Dir - move target You conjure a prism of explosive energy!
A fulminant prism comes into view.
Unknown command.
Your fulminant prism crackles loudly.
Your fulminant prism explodes!
The blast of energy engulfs the orc warrior!!
You kill the orc warrior!
The blast of energy engulfs the orc knight!
The orc knight is moderately wounded.
You hear a shout! x2
Unknown command.
The orc knight hits you from afar with a +0 glaive!!
Ouch! That really hurt!
* * * LOW HITPOINT WARNING * * *
The orc knight misses you.
The orc knight hits you from afar with a +0 glaive!
You die...

.##.....# $$.##.≈.# .##########
#####.≈.# .....))...##
#####).≈.# ≈≈≈≈≈≈≈≈≈..##
#######≈≈≈≈≈≈≈.# ........≈≈..##
##...##.........#
#######..≈≈..###..≈..##.########
##..≈≈....o≈≈...##...####
##..≈≈≈≈≈≈≈..#######..∩##
##......@..## ####∩# ###########
###


You could see an orc knight.

Vanquished Creatures
  A two-headed ogre (D:8)
  Pikel (D:5)
  Sigmund (D:3)
  Eustachio (D:4)
  A water moccasin (D:5)
  An orc warrior (Bailey)
  A necrophage (D:4)
  2 ogres (D:5)
  2 phantoms
  4 lemures (D:5)
  2 kobold brigands
  Blork the orc (D:4)
  A bullfrog (D:8)
  A scorpion (D:5)
  A water moccasin zombie (D:5)
  5 wights (D:8)
  A centaur zombie (D:5)
  A centaur skeleton (D:4)
  4 hounds
  An orc priest (D:4)
  A jelly (D:5)
  An orc wizard (D:8)
  Ijyb (D:4)
  A howler monkey skeleton (D:3)
  3 adders
  3 ufetubi
  An adder skeleton (D:4)
  3 worms
  A dart slug (D:2)
  20 orcs
  8 bats
  7 endoplasms
  4 giant cockroaches
  10 goblins
  7 hobgoblins
  3 jackals (D:1)
  6 quokkas
  5 ball pythons
  5 frilled lizards
  8 kobolds
  4 rats
135 creatures vanquished.

Vanquished Creatures (others)
  17 fulminant prisms
17 creatures vanquished.

Grand Total: 152 creatures vanquished

Notes
Turn   | Place    | Note
-------+----------+-------------------------------------------
     0 | D:1      | bnorton916 the Deep Elf Conjurer began the quest for the
                  | Orb.
     0 | D:1      | Reached XP level 1. HP: 10/10 MP: 6/6
   368 | D:1      | Reached XP level 2. HP: 15/15 MP: 4/8
   669 | D:1      | Found a faded altar of an unknown god.
   715 | D:1      | Found Kureocig's Book Boutique.
  1326 | D:2      | Reached skill level 5 in Conjurations
  1326 | D:2      | Reached XP level 3. HP: 19/19 MP: 8/10
  2090 | D:3      | Found a hide-covered altar of Uskayaw.
  2103 | D:3      | Reached XP level 4. HP: 24/24 MP: 6/12
  2157 | D:3      | Noticed Sigmund
  2473 | D:2      | Learned a level 2 spell: Searing Ray
  2477 | D:2      | Learned a level 3 spell: Tukima's Dance
  2482 | D:2      | Learned a level 4 spell: Iskenderun's Mystic Blast
  2487 | D:3      | Killed Sigmund
  2488 | D:3      | Reached XP level 5. HP: 13/28 MP: 7/15
  2850 | D:3      | Learned a level 4 spell: Fulminant Prism
  3089 | D:3      | Reached skill level 1 in Hexes
  3089 | D:3      | Reached skill level 1 in Translocations
  3089 | D:3      | Reached XP level 6. HP: 32/32 MP: 12/17
  3370 | D:3      | Found Jowi's Assorted Antiques.
  3378 | D:3      | Bought a coppery potion for 24 gold pieces
  3378 | D:3      | Bought a ruby potion for 24 gold pieces
  3497 | D:4      | Noticed Blork the orc
  3504 | D:4      | Killed Blork the orc
  3505 | D:4      | Reached skill level 2 in Hexes
  3657 | D:4      | Reached skill level 3 in Hexes
  3746 | D:4      | Noticed Eustachio
  4067 | D:4      | Killed Eustachio
  4068 | D:4      | Reached skill level 4 in Hexes
  4068 | D:4      | Reached XP level 7. HP: 30/36 MP: 10/18
  4219 | D:4      | Noticed Ijyb
  4234 | D:4      | Killed Ijyb
  4235 | D:4      | Reached skill level 5 in Hexes
  4842 | D:5      | Entered Level 5 of the Dungeon
  4867 | D:5      | Noticed Pikel
  4890 | D:5      | Killed Pikel
  4891 | D:5      | Reached skill level 7 in Hexes
  4891 | D:5      | Reached XP level 8. HP: 41/41 MP: 2/19
  5215 | D:5      | Reached skill level 1 in Armour
  6063 | D:5      | Reached skill level 5 in Dodging
  6174 | D:5      | Reached XP level 9. HP: 45/45 MP: 15/20
  6380 | D:5      | You fall into a shaft and drop 3 floors!
  6547 | D:8      | Learned a level 3 spell: Stone Arrow
  6556 | D:8      | Noticed a two-headed ogre
  6566 | D:8      | Killed a two-headed ogre
  6876 | D:8      | Found a flagged portal.
  6889 | Bailey   | Entered a bailey
  7705 | Bailey   | Noticed an orc knight
  7706 | Bailey   | Noticed an orc knight
  7706 | Bailey   | Noticed an orc knight
  7708 | Bailey   | Noticed an orc knight
  7709 | Bailey   | Noticed an orc knight
  7807 | Bailey   | Noticed an orc knight
  7810 | Bailey   | Learned a level 2 spell: Poisonous Vapours
  7850 | Bailey   | Slain by an orc knight

Illustrated notes

Levels and vault maps discovered:
D:1:      dpeg_arrival_connections, layout_loops_corners, serial_shops, shop,
          shapermc_ecumenical_altar_acropolis, minmay_misc_feat_doors
D:2:      layout_rooms
D:3:      minmay_door_path, layout_basic,
          nicolae_uskayaw_murder_on_the_dancefloor, serial_shops,
          nicolae_diamond_shop, uniq_sigmund
D:4:      layout_cave_pools, hangedman_glass_teeth, uniq_blork_the_orc,
          uniq_ijyb, uniq_eustachio
D:5:      layout_gridville, uniq_pikel
D:8:      layout_loops_cross, enter_bailey_5
Bailey:   bailey_polearm_1, bailey

Skill      XL: |  1  2  3  4  5  6  7  8  9 |
---------------+----------------------------+-----
Spellcasting   | 4 6 |  6.1
Conjurations   | 5 6 |  6.2
Hexes          | 1 4 7 |  7.8
Translocations | 1 3 6 |  6.4
Dodging        | 5 6 |  6.4
Armour         | 2 4 |  4.0
Earth Magic    | 4 |  4.7
Stealth        | |  2.4

Action                   |  1- 3 |  4- 6 |  7- 9 || total
-------------------------+-------+-------+-------++-------
 Cast: Magic Dart        |    96 |    51 |    64 ||   211
       Searing Ray       |       |     7 |    20 ||    27
       Fulminant Prism   |       |       |    17 ||    17
       Iskenderun's Myst |       |       |     4 ||     4
Evoke: Wand              |       |     1 |     4 ||     5
  Use: Scroll            |       |       |     5 ||     5
Armor: Robe              |     2 |     8 |       ||    10
Dodge: Dodged            |     3 |    20 |     7 ||    30
